 Dungeon Crawl Stone Soup version 0.31-a0-986-g5e6e4ef867 (webtiles) character file.

Game seed: 9826629357622444082

1122 ytrimaz the Covert (level 8, -5/72 HPs)
             Began as an Octopode Shapeshifter on Nov 14, 2023.
             Was an Initiate of Ashenzari.
             Splashed by a jelly's acid (9 damage)
             ... on level 6 of the Dungeon.
             The game lasted 00:03:40 (4203 turns).

ytrimaz the Covert (Octopode Shapeshifter)          Turns: 4203, Time: 00:03:41

Health: -5/72      AC: 24    Str: 13    XL:     8   Next: 35%
Magic:  8/8        EV:  2    Int: 13    God:    Ashenzari [......]
Gold:   165        SH:  0    Dex: 13    Spells: 7/7 levels left

rFire   . . .        o - +1 dagger (venom)
rCold   . . .        (no shield)
rNeg    . . .        (helmet currently unavailable)
rPois   +            (no amulet)
rElec   .            (no ring)
rCorr   .            (no ring)
SInv    .            (no ring)
Will    .....        (no ring)
Stlth   ++++         (no ring)
HPRegen 0.32/turn    (no ring)
MPRegen 0.11/turn    (no ring)
                     (no ring)

%: no passive effects
@: tree-form, attractive
A: stationary, stasis, torment immunity, boosted hp, almost no armour,
(amphibious), 8 rings, (camouflage 1), (gelatinous body 1), (nimble swimmer 1),
(tentacles)
a: Renounce Religion, Curse Item


You were on level 6 of the Dungeon.
You worshipped Ashenzari.
Ashenzari was noncommittal.
You were a tree.
You visited 1 branch of the dungeon, and saw 6 of its levels.

You collected 165 gold pieces.


Innate Abilities, Weirdness & Mutations

You are a tree.
Your roots penetrate the ground, keeping you stationary.
You cannot be teleported.
You are immune to unholy pain and torment.
Your maximum health is greatly increased.
You cannot wear most types of armour.
((You are amphibious.))
You can wear up to eight rings at the same time.
((Your skin changes colour to match your surroundings (Stealth+).))
((Your rubbery body absorbs attacks. (AC +1, EV +1)))
((You are camouflaged when in or above water. (Stealth+)))
((You have tentacles for arms and can constrict up to eight enemies at once.))


   Skills:
 - Level 1.0 Fighting
 - Level 2.0 Dodging
 + Level 9.5 Stealth
 - Level 3.0 Unarmed Combat
 + Level 6.9 Shapeshifting


You had 7 spell levels left.
You didn't know any spells.
Your spell library contained the following spells:

 Spells                   Type           Power      Damage    Failure   Level
 Apportation              Tloc           0%         N/A       30%         1
 Kiss of Death            Conj/Necr      0%         2d5       30%         1
 Jinxbite                 Hex            0%         N/A       43%         2
 Confusing Touch          Hex            0%         N/A       67%         3
 Ozocubu's Armour         Ice            0%         N/A       67%         3
 Dispel Undead            Necr           0%         3d6       97%         4
 Alistair's Intoxication  Tmut/Pois      0%         N/A       100%        5
 Ozocubu's Refrigeration  Ice            0%         4d7       100%        7

Inventory:

Hand Weapons
 o - a +1 dagger of venom (weapon)
   (You took it off an orc on level 4 of the Dungeon)
Talismans
 b - a beast talisman
 c - a flux talisman
Scrolls
 d - a scroll of poison {unknown}
 f - 2 scrolls of amnesia {unknown}
 g - 4 scrolls of identify {unknown}
 k - a scroll of vulnerability {unknown}
 m - a scroll of teleportation {unknown}
 s - a scroll of fear {unknown}
 u - 3 scrolls of enchant armour {unknown}
 v - a scroll of blinking {unknown}
Potions
 a - a potion of lignification
 e - 2 potions of attraction
 h - a potion of berserk rage {unknown}
 i - a potion of invisibility {unknown}
 j - 2 potions of ambrosia {unknown}
 l - a potion of curing {unknown}
 n - 4 potions of mutation {unknown}
 p - 2 potions of enlightenment {unknown}
 q - a potion of resistance {unknown}
 r - a potion of might {unknown}
 t - a potion of haste {unknown}
 w - a potion of cancellation {unknown}

Dungeon Overview and Level Annotations

Branches:
Dungeon (6/15) Zot: 26852
 Temple: D:4-7

Altars:
Ashenzari

Shops:
D:5

: #....######.#
####..o.##.....#
#.......##.....#########
#.#....................#
......##.........######.##
....## #o##......# #.#
.#######[###.....# #.#
......J.###o....# ####.#
........##gโ™ฃ....###....#
.........#J#######..########
.......gggยง# #.#........
..........## #.#........
.........## #.#.....<..
.........# #.##...).##
........## ###.<....#...
.......## #......###.##
#####. #.#..### #.##


You could see a jelly, 3 gnolls and an orc.


Message History

You grab the orc. You squeeze the orc. You constrict the orc.
The orc closely misses you.
You hit the orc.
You kill the orc!
A gnoll comes into view.
It is wielding a +0 halberd. 2 gnolls come into view.
You see here a +0 robe.
Unknown command.
The gnoll shouts!
You hear an angry hiss.
An adder comes into view.
The gnoll throws a throwing net.
The throwing net hits you.
You become entangled in the net!
You see here a throwing net.
You struggle against the net.
The gnoll shouts! x2
You struggle against the net.
Unknown command.
You rip the net and break free!
The gnoll barely misses you.
Unknown command.
You closely miss the orc. You grab the orc. You constrict the orc.
The orc hits you with a +0 whip of electrocution. ๐Ÿ˜• HP[-3]
You take 3 damage, and now have 45/48 hp.
Unknown command.
You hit the orc.
You kill the orc!
The gnoll hits you from afar with a +0 halberd. ๐Ÿ˜• HP[-6]
You take 6 damage, and now have 39/48 hp.
Unknown command.
You hit the adder.
The adder is poisoned.
Your grab misses the adder. The adder bites you.
You are poisoned.
The adder poisons you! The adder bites you.
The gnoll hits you from afar with a +0 halberd! ๐Ÿ˜ฎ HP[-14]
You take 14 damage, and now have 25/48 hp.
MASSIVE DAMAGE!! (PAUSE)
You hit the adder.
The adder looks as sick as possible!
You grab the adder.
Your tentacle-slap misses the adder.
You squeeze the adder.
You kill the adder!
You feel sick. The orc hits you with a +0 hand axe.
* * * LOW HITPOINT WARNING * * *
The gnoll hits you from afar with a +0 halberd.
* * * LOW HITPOINT WARNING * * *
๐Ÿ˜จ HP[-8]
You take 8 damage, and now have 17/48 hp.
Unknown command.
You hit the orc.
The orc is poisoned.
Your grab misses the orc.
You feel sick. The orc hits you with a +0 hand axe.
* * * LOW HITPOINT WARNING * * *
The gnoll barely misses you. The gnoll misses you. ๐Ÿ˜จ HP[-2]
You take 2 damage, and now have 15/48 hp.
Unknown command.
Okay, then.
Okay, then.
Your transformation has ended.
You turn into a tree.
Your roots penetrate the ground.
You feel sick. The orc hits you but does no damage.
The gnoll hits you from afar with a +0 halberd!
* * * LOW HITPOINT WARNING * * *
The gnoll hits you but does no damage. ๐Ÿ˜ฑ HP[-1]
You now have 72 max hp (+24).
It was a potion of attraction.
You feel attractive to monsters.
You feel sick. The orc hits you but does no damage.
The gnoll hits you but does no damage. x2
Okay, then.
You hit the orc.
You kill the orc!
You feel sick.
The gnoll hits you but does no damage. x2 ๐Ÿ˜ฑ HP[-1]
You take 1 damage, and now have 13/72 hp.
You cannot move.
Unknown command.
You hit the gnoll.
The gnoll is poisoned.
You feel sick. The gnoll hits you but does no damage.
The jelly is attracted toward you. ๐Ÿ˜ฑ HP[-1]
You take 1 damage, and now have 12/72 hp.
You hit the jelly.
Your branches burn!
* * * LOW HITPOINT WARNING * * *
You feel sick.
You are no longer poisoned.
The gnoll hits you but does no damage. x2
The jelly hits you but does no damage.
The orc is attracted toward you. ๐Ÿ˜ฑ HP[-2]
You take 2 damage, and now have 10/72 hp.
Unknown command.
You barely miss the jelly.
The gnoll hits you but does no damage. x2
The jelly hits you but does no damage.
You hit the jelly.
Your branches burn!
* * * LOW HITPOINT WARNING * * *
The gnoll hits you but does no damage. The orc hits you but does no damage.
The gnoll hits you but does no damage. The jelly hits you.
* * * LOW HITPOINT WARNING * * *
You are splashed with acid!
You die...

Skill      XL: |  1  2  3  4  5  6  7  8 |
---------------+-------------------------+-----
Stealth        | 1 2 3 4 6 8 9 |  9.5
Shapeshifting  | 4 5 6 |  6.9
Fighting       | |  1.0
Dodging        | |  2.0
Unarmed Combat | |  3.0

Action                     |  1- 3 |  4- 6 |  7- 9 || total
---------------------------+-------+-------+-------++-------
  Melee: Unarmed           |    44 |    63 |       ||   107
         Constrict         |    14 |    24 |     9 ||    47
         Tentacles         |    11 |    22 |    13 ||    46
         Punch             |     2 |     1 |     1 ||     4
         Dagger            |       |    24 |    44 ||    68
    Use: Potion            |       |       |     2 ||     2
   Stab: Sleeping          |     5 |    16 |     6 ||    27
         Distracted        |       |       |     1 ||     1
 Armour: Skin              |    12 |    30 |    47 ||    89
  Dodge: Dodged            |    14 |    37 |    19 ||    70

Levels and vault maps discovered:
D:1:      minmay_arrival_split_and_join, layout_loops_corners,
          dreamdust_ecumenical_altar_angels_and_demons, minmay_lizard_pond
D:2:      layout_basic, uniq_jessica
D:3:      layout_rooms, lemuel_coloured_pillars_altar
D:4:      layout_loops_corners, uniq_edmund
D:5:      layout_cave_pods, serial_shops, nicolae_diamond_shop,
          chequers_serial_rivers_room_b, patterned_corridor
D:6:      layout_rooms, grunt_temple_overflow_opulence,
          grunt_temple_overflow_growth_and_decay,
          gammafunk_temple_overflow_pools

Notes
Turn   | Place    | Note
-------+----------+-------------------------------------------
     0 | D:1      | ytrimaz the Octopode Shapeshifter began the quest for the
                  | Orb.
     0 | D:1      | Reached XP level 1. HP: 13/13 MP: 1/1
     0 | D:1      | magus.rc [v1.9.6]
   146 | D:1      | Reached skill level 1 in Stealth
   157 | D:1      | Reached XP level 2. HP: 14/18 MP: 2/2
   254 | D:1      | Reached skill level 2 in Stealth
   298 | D:1      | Found a faded altar of an unknown god.
   762 | D:1      | You add the spells Ozocubu's Armour and Ozocubu's
                  | Refrigeration to your library.
   894 | D:2      | Reached XP level 3. HP: 21/23 MP: 3/3
  1077 | D:2      | Noticed Jessica
  1092 | D:2      | Killed Jessica
  1093 | D:2      | Reached skill level 3 in Stealth
  1093 | D:2      | Reached XP level 4. HP: 23/28 MP: 4/4
  1455 | D:3      | Reached skill level 4 in Shapeshifting
  1698 | D:3      | Reached skill level 4 in Stealth
  1776 | D:3      | Found a broken altar of Ashenzari.
  1821 | D:3      | Became a worshipper of Ashenzari the Shackled
  1873 | D:4      | Reached XP level 5. HP: 30/33 MP: 5/5
  2068 | D:4      | Reached skill level 5 in Stealth
  2344 | D:4      | Noticed Edmund
  2355 | D:4      | Killed Edmund
  2356 | D:4      | Reached skill level 6 in Stealth
  2356 | D:4      | Reached skill level 5 in Shapeshifting
  2356 | D:4      | Reached XP level 6. HP: 15/38 MP: 6/6
  2811 | D:4      | You pick up a book of Touch and begin reading...
  2811 | D:4      | You add the spells Kiss of Death, Confusing Touch and
                  | Dispel Undead to your library.
  2927 | D:5      | Entered Level 5 of the Dungeon
  2980 | D:5      | Reached XP level 7. HP: 43/43 MP: 7/7
  2984 | D:5      | Reached skill level 7 in Stealth
  3309 | D:5      | Reached skill level 8 in Stealth
  3309 | D:5      | Reached skill level 6 in Shapeshifting
  3370 | D:5      | You pick up a book of Party Tricks and begin reading...
  3370 | D:5      | You add the spells Apportation, Jinxbite and Alistair's
                  | Intoxication to your library.
  3484 | D:5      | Found Baddiy's Book Shoppe.
  3850 | D:5      | Reached XP level 8. HP: 38/48 MP: 8/8
  4064 | D:6      | Reached skill level 9 in Stealth
  4197 | D:6      | HP: 14/72 [gnoll/+0 halberd (8)]
  4203 | D:6      | HP: 5/72 [acid (5)]
  4203 | D:6      | Splashed by a jelly's acid

Vanquished Creatures
  Edmund (D:4)
  A water moccasin (D:6)
  A black bear (D:5)
  An ogre (D:6)
  A centaur (D:5)
  2 scorpions (D:5)
  2 howler monkeys
  An orc priest (D:5)
  4 hounds
  Jessica (D:2)
  2 iguanas
  4 orc wizards
  5 adders
  A shadow imp (D:5)
  2 dart slugs
  15 orcs
  2 ball pythons
  A bat (D:2)
  5 endoplasms
  2 giant cockroaches (D:4)
  6 goblins
  5 hobgoblins
  2 jackals (D:3)
  5 quokkas
  12 frilled lizards
  4 kobolds
  7 rats
95 creatures vanquished.

Table legend:
 A = Non-vault XP
 B = Vault XP
 C = Vault XP percentage of total XP
 D = Non-vault monster count
 E = Vault monster count
 F = Vault count percentage of total count
                 A         B        C        D         E       F
            +---------+---------+-------+---------+---------+-------
      Total |    1389 |     214 |  13.3 |      82 |      13 |  13.7
            +---------+---------+-------+---------+---------+-------
        D:1 |      19 |      11 |  36.7 |      11 |      11 |  50.0
        D:2 |      25 |      37 |  59.7 |       8 |       1 |  11.1
        D:3 |      39 |       0 |   0.0 |      19 |       0 |   0.0
        D:4 |     276 |     166 |  37.6 |      21 |       1 |   4.5
        D:5 |     701 |       0 |   0.0 |      15 |       0 |   0.0
        D:6 |     329 |       0 |   0.0 |       8 |       0 |   0.0
            +---------+---------+-------+---------+---------+-------

Skill      XL: |  1  2  3  4  5  6  7  8 |
---------------+-------------------------+-----
Stealth        | 1 2 3 4 6 8 9 |  9.5
Shapeshifting  | 4 5 6 |  6.9
Fighting       | |  1.0
Dodging        | |  2.0
Unarmed Combat | |  3.0

Action                     |  1- 3 |  4- 6 |  7- 9 || total
---------------------------+-------+-------+-------++-------
  Melee: Unarmed           |    44 |    63 |       ||   107
         Constrict         |    14 |    24 |     9 ||    47
         Tentacles         |    11 |    22 |    13 ||    46
         Punch             |     2 |     1 |     1 ||     4
         Dagger            |       |    24 |    44 ||    68
    Use: Potion            |       |       |     2 ||     2
   Stab: Sleeping          |     5 |    16 |     6 ||    27
         Distracted        |       |       |     1 ||     1
 Armour: Skin              |    12 |    30 |    47 ||    89
  Dodge: Dodged            |    14 |    37 |    19 ||    70

Illustrated notes

Table legend:
 A = Kills in this place as a percentage of kills in the entire game.
 B = Kills by you in this place as a percentage of kills by you in the entire game.
 C = Kills by friends in this place as a percentage of kills by friends in the entire game.
 D = Other kills in this place as a percentage of other kills in the entire game.
 E = Experience gained in this place as a percentage of experience gained in the entire game.
 F = Experience gained in this place divided by the number of levels of this place that you have seen.
                   A       B       C       D       E      F
               +-------+-------+-------+-------+-------+----------------------
         Total | 100.0 | 100.0 |   N/A |   N/A | 100.0 | 267.2
       Dungeon | 100.0 | 100.0 |   N/A |   N/A | 100.0 | 267.2
               +-------+-------+-------+-------+-------+----------------------

Table legend: (Time is in decaauts)
 A = Elapsed time spent in this place.
 B = Non-inter-level travel time spent in this place.
 C = Inter-level travel time spent in this place.
 D = Time resting spent in this place.
 E = Time spent auto-exploring this place.
 F = Levels seen in this place.
 G = Mean time per level.
                   A        B        C        D        E       F      G
               +--------+--------+--------+--------+--------+-----+--------+
         Total |   4195 |   4063 |    132 |      0 |   3439 |   6 |  699.2 |
       Dungeon |   4195 |   4063 |    132 |      0 |   3439 |   6 |  699.2 |
               +--------+--------+--------+--------+--------+-----+--------+

Top non-repeatable levels by time:
     D:5: 1128 daAuts
     D:4: 1059 daAuts
     D:1: 877 daAuts
     D:2: 494 daAuts
     D:3: 487 daAuts
     D:6: 146 daAuts
